 Dungeon Crawl Stone Soup version 0.31-a0-640-g39d97e502b (webtiles) character file.

Game seed: 13383420475997210493

364 zenocrate the Insei (level 6, 0/57 HPs)
             Began as an Octopode Shapeshifter on Aug 28, 2023.
             Slain by an ice beast (12 damage)
             ... on level 4 of the Dungeon.
             The game lasted 00:03:04 (2547 turns).

zenocrate the Insei (Octopode Shapeshifter)         Turns: 2547, Time: 00:03:04

Health: 0/57       AC: 23    Str: 13    XL:     6   Next: 67%
Magic:  0/9        EV:  2    Int: 18    God:
Gold:   194        SH:  0    Dex: 17    Spells: 9/9 levels left

rFire   + +          .
                       - Unarmed
rCold   . . .        (no shield)
rNeg    . . .        (helmet currently unavailable)
rPois   +            u - amulet "Qodaol" {Spirit Rampage Will+ Dex+3}
rElec   .            m - ring of see invisible
rCorr   .            l - ring of protection from fire
SInv    +            r - ring of protection from fire
Will    +....        v - +6 ring of intelligence
Stlth   ++           (no ring)
HPRegen 0.29/turn    (no ring)
MPRegen 0.11/turn    (no ring)
                     (no ring)

%: guardian spirit, rampage
@: tree-form
A: stationary, stasis, torment immunity, boosted hp, almost no armour,
(amphibious), 8 rings, (camouflage 1), (gelatinous body 1), (nimble swimmer 1),
(tentacles)
a: no special abilities


You were on level 4 of the Dungeon.
You were a tree.
You visited 1 branch of the dungeon, and saw 4 of its levels.

You collected 194 gold pieces.

Inventory:

Missiles
 y - a boomerang
Jewellery
 l - a ring of protection from fire (right branch)
 m - a ring of see invisible (left branch)
 q - an amulet of guardian spirit
 r - a ring of protection from fire (on tentacle)
 u - the amulet "Qodaol" (around neck) {Spirit Rampage Will+ Dex+3}
   (You found it on level 3 of the Dungeon)

   [amulet of guardian spirit]

   Spirit:    It causes incoming damage to be divided between your reserves of
   health and magic.
   Dex+3:     It affects your dexterity (+3).
   Will+:     It increases your willpower.
   Rampage:   It bestows one free step when moving towards enemies.
 v - a +6 ring of intelligence (on tentacle)
Talismans
 b - a beast talisman
 c - a flux talisman
Scrolls
 d - 2 scrolls of fear {unknown}
 g - 2 scrolls of amnesia {unknown}
 h - a scroll of identify {unknown}
 j - a scroll of revelation {unknown}
 k - a scroll of immolation {unknown}
 p - 2 scrolls of teleportation {unknown}
 w - 2 scrolls of noise {unknown}
 A - a scroll of blinking {unknown}
Potions
 e - 2 potions of haste {unknown}
 f - 3 potions of heal wounds {unknown}
 i - 2 potions of ambrosia {unknown}
 n - 2 potions of berserk rage {unknown}
 o - a potion of brilliance {unknown}
 s - a potion of curing {unknown}
 t - a potion of might {unknown}
 x - a potion of cancellation {unknown}
 z - a potion of enlightenment {unknown}


   Skills:
 - Level 1.0 Fighting
 - Level 3.1 Dodging
 + Level 4.9 Unarmed Combat
 - Level 2.2 Spellcasting
 * Level 4.5 Shapeshifting


You had 9 spell levels left.
You didn't know any spells.
Your spell library was empty.

Dungeon Overview and Level Annotations

Branches:
Dungeon (4/15)
 Temple: D:4-7

Altars:
Makhleb
Zin

Shops:
D:2 :


Innate Abilities, Weirdness & Mutations

You are a tree.
Your roots penetrate the ground, keeping you stationary.
You cannot be teleported.
You are immune to unholy pain and torment.
Your maximum health is greatly increased.
You cannot wear most types of armour.
((You are amphibious.))
You can wear up to eight rings at the same time.
((Your skin changes colour to match your surroundings (Stealth+).))
((Your rubbery body absorbs attacks. (AC +1, EV +1)))
((You are camouflaged when in or above water. (Stealth+)))
((You have tentacles for arms and can constrict up to eight enemies at once.))


Message History

a +0 whip; 2 poisoned darts; a kobold corpse You tentacle-slap the hobgoblin.
You kill the hobgoblin!
An ice beast is nearby!
You rampage towards the ice beast!
You barely miss the ice beast.
You tentacle-slap the ice beast but do no damage.
The ice beast hits you. The ice beast freezes you!
You bludgeon the ice beast!
The ice beast is moderately wounded.
The ice beast hits you but does no damage.
Unknown command.
You tentacle-slap the ice beast but do no damage.
You squeeze the ice beast.
The ice beast is moderately wounded.
The ice beast hits you. The ice beast freezes you!
Unknown command.
You tentacle-slap the ice beast but do no damage.
The ice beast is moderately wounded.
The ice beast closely misses you.
Unknown command.
You closely miss the ice beast.
You squeeze the ice beast, but do no damage.
The ice beast is moderately wounded.
The ice beast hits you. The ice beast freezes you.
* * * LOW HITPOINT WARNING * * *
Unknown command.
Your transformation has ended.
You turn into a tree.
Your roots penetrate the ground.
The ice beast hits you but does no damage.
Unknown command.
You hit the ice beast.
The ice beast is moderately wounded.
The ice beast hits you but does no damage.
Unknown command.
You smack the ice beast!
The ice beast is almost dead.
The ice beast hits you.
* * * LOW HITPOINT WARNING * * *
The ice beast freezes you!
You die...

####..##.........#
#...#.........#
#.#...####..#.#
#.###....#.##.#
#.######..>##.#
#........#.##..
########.#.##########
#.#..)........
#.####♣....... #+#
#.Y...... ....#####
.....# ......#
.......# #########


You could see an ice beast.

Vanquished Creatures
  Sigmund (D:2)
  Crazy Yiuf (D:2)
  Jessica (D:2)
  4 gnolls (D:3)
  3 adders (D:4)
  3 worms
  A dart slug (D:1)
  9 orcs
  6 ball pythons
  9 endoplasms
  A giant cockroach (D:1)
  4 goblins
  5 hobgoblins
  6 quokkas
  6 bats (D:3)
  7 frilled lizards
  4 kobolds
  9 rats
80 creatures vanquished.

Notes
Turn   | Place    | Note
-------+----------+-------------------------------------------
     0 | D:1      | zenocrate the Octopode Shapeshifter began the quest for the
                  | Orb.
     0 | D:1      | Reached XP level 1. HP: 13/13 MP: 1/1
   139 | D:1      | Reached XP level 2. HP: 18/18 MP: 2/2
   810 | D:2      | Reached XP level 3. HP: 20/23 MP: 3/3
  1208 | D:2      | Noticed Jessica
  1213 | D:2      | Killed Jessica
  1214 | D:2      | Reached XP level 4. HP: 27/28 MP: 4/4
  1239 | D:2      | Found Ashese's Book Shop.
  1277 | D:2      | Found a burning altar of Makhleb.
  1377 | D:2      | Noticed Sigmund
  1383 | D:2      | Killed Sigmund
  1384 | D:2      | Reached skill level 1 in Spellcasting
  1384 | D:2      | Reached XP level 5. HP: 9/33 MP: 1/7
  1484 | D:2      | Found a runed translucent door.
  1485 | D:2      | Noticed Crazy Yiuf
  1493 | D:2      | Killed Crazy Yiuf
  1494 | D:2      | Reached XP level 6. HP: 34/38 MP: 7/9
  1647 | D:3      | Identified the amulet "Qodaol" {Spirit Rampage Will+ Dex+3}
  1792 | D:3      | Found a glowing silver altar of Zin.
  2537 | D:4      | Noticed an ice beast
  2547 | D:4      | Slain by an ice beast

Illustrated notes

Levels and vault maps discovered:
D:1:      minmay_arrival_loop, layout_loops_ring
D:2:      layout_loops_cross, basic_altar, serial_shops, shop, minivault_24,
          st_stairs_9, minmay_misc_feat_alley, uniq_crazy_yiuf_cottage,
          uniq_jessica, uniq_sigmund
D:3:      minmay_chambers_of_twos, layout_rooms,
          mainiacjoe_overflow_concentric_impassable, serial_bayou_lake_a
D:4:      layout_basic, kennysheep_mini, corexii_shack,
          chequers_serial_rivers_room_b, minmay_misc_feat_chi

Skill      XL: |  1  2  3  4  5 |
---------------+----------------+-----
Dodging        | 3 |  3.1
Unarmed Combat | 4 |  4.9
Spellcasting   | 1 2 |  2.2
Shapeshifting  | 4 |  4.5
Fighting       | |  1.0

Action                     |  1- 3 |  4- 6 || total
---------------------------+-------+-------++-------
  Melee: Unarmed           |    49 |    99 ||   148
         Tentacles         |    14 |    25 ||    39
         Constrict         |    12 |    27 ||    39
         Punch             |     1 |     3 ||     4
    Use: Potion            |       |     1 ||     1
   Stab: Sleeping          |     7 |     7 ||    14
 Armour: Skin              |     1 |     3 ||     4
  Dodge: Dodged            |    21 |    26 ||    47

Table legend: (Time is in decaauts)
 A = Elapsed time spent in this place.
 B = Non-inter-level travel time spent in this place.
 C = Inter-level travel time spent in this place.
 D = Time resting spent in this place.
 E = Time spent auto-exploring this place.
 F = Levels seen in this place.
 G = Mean time per level.
                   A        B        C        D        E       F      G
               +--------+--------+--------+--------+--------+-----+--------+
         Total |   2532 |   2471 |     61 |      8 |   2002 |   4 |  633.0 |
       Dungeon |   2532 |   2471 |     61 |      8 |   2002 |   4 |  633.0 |
               +--------+--------+--------+--------+--------+-----+--------+

Top non-repeatable levels by time:
     D:2: 878 daAuts
     D:3: 715 daAuts
     D:1: 661 daAuts
     D:4: 276 daAuts
